 Dungeon Crawl Stone Soup version 0.30-a0-533-g4794bfbd1c (webtiles) character file.

Game seed: 18316437954661784267

47 Bnni the Vexing (level 3, -4/25 (26) HPs)
             Began as a Formicid Hexslinger on Dec 24, 2022.
             Slain by an orc
             ... wielding a +0 short sword
              (5 damage)
             ... on level 3 of the Dungeon.
             The game lasted 00:03:33 (1664 turns).

Bnni the Vexing (Formicid Hexslinger)               Turns: 1664, Time: 00:03:34

HP:   -4/25 (26)    AC:  2    Str: 14    XL:     3   Next: 97%
MP:   3/5           EV: 12    Int: 14    God:
Gold: 116           SH:  0    Dex: 14    Spells: 1/5 levels left

rFire   . . .      SeeInvis +    a - +1 sling
rCold   . . .      Faith    .    (no shield)
rNeg    + . .      Spirit   .    o - +0 robe
rPois   .          Reflect  .    (helmet unavailable)
rElec   .          Harm     .    (no cloak)
rCorr   .          Rampage  .    (no gloves)
Will    .....                    (no boots)
Stlth   +                        (no amulet)
HPRegen 0.24/turn                k - ring of positive energy
MPRegen 0.09/turn                (no ring)

@: lightly drained
A: permanent stasis, dig shafts and tunnels, antennae 3, four strong arms
a: Dig, Shaft Self


You were on level 3 of the Dungeon.
You visited 1 branch of the dungeon, and saw 3 of its levels.

You collected 116 gold pieces.

Inventory:

Hand Weapons
 a - a +1 sling (weapon)
Missiles
 d - 6 poisoned darts
Armour
 o - a +0 robe (worn)
Jewellery
 j - a ring of ice
 k - a ring of positive energy (left hand)
Scrolls
 b - 2 scrolls of poison
 g - 2 scrolls of teleportation {unknown}
 i - 2 scrolls of enchant weapon
 n - a scroll of amnesia {unknown}
Potions
 h - a potion of flight


   Skills:
 + Level 1.6 Fighting
 * Level 2.7 Ranged Weapons
 - Level 1.7 Dodging
 + Level 1.6 Spellcasting
 * Level 4.2 Hexes
 + Level 0.9 Fire Magic


You had one spell level left.
You knew the following spells:

 Your Spells              Type           Power      Damage    Failure   Level
a - Slow                  Hex            48%        N/A       4%          1
b - Inner Flame           Hex/Fire       8%         N/A       26%         3

Your spell library contained the following spells:

 Spells                   Type           Power      Damage    Failure   Level
 Portal Projectile        Hex/Tloc       14%        N/A       30%         3
 Cause Fear               Hex            6%         N/A       41%         4


Dungeon Overview and Level Annotations

Branches:
Dungeon (3/15)

Altars:


Innate Abilities, Weirdness & Mutations

You cannot be hasted, slowed, berserked, paralysed or teleported.
You can dig through walls and to a lower floor.
You have a pair of large antennae on your head. (SInv)
Your four strong arms can wield two-handed weapons with a shield.


Message History

The orc seems to slow down.
The orc hits you but does no damage.
Unknown command.
You are too injured to fight recklessly!
You are too injured to fight recklessly!
You are too injured to fight recklessly!
You shoot a sling bullet. The sling bullet barely misses the orc.
The orc hits you with a +0 short sword.
* * * LOW HITPOINT WARNING * * *
You shoot a sling bullet. The sling bullet barely misses the orc.
You shoot a sling bullet.
The sling bullet closely misses the orc.
The orc hits you but does no damage.
You shoot a sling bullet. The sling bullet hits the orc.
The orc is heavily wounded.
The orc hits you with a +0 short sword.
* * * LOW HITPOINT WARNING * * *
You shoot a sling bullet.
The sling bullet hits the orc but does no damage.
The orc is heavily wounded.
The orc barely misses you.
You shoot a sling bullet. The sling bullet hits the orc.
The orc is almost dead.
The orc is no longer moving slowly.
The orc hits you with a +0 short sword.
* * * LOW HITPOINT WARNING * * *
Casting: Slow (safe; 4% risk of failure)
Confirm with . or Enter, or press ? or * to list all spells.
Aiming: Slow (safe; 4% risk of failure)
Press: ? - help, Shift-Dir - straight line, f/p - orc
Aim: an orc, wielding a +0 short sword and wearing a +0 scale mail (almost dead, chance to affect: 63%)
The orc seems to slow down.
Unknown command.
You shoot a sling bullet.
The sling bullet hits the orc but does no damage.
The orc is almost dead.
The orc barely misses you.
You shoot a sling bullet.
The sling bullet hits the orc but does no damage.
The orc is almost dead.
The orc hits you with a +0 short sword.
You die...

######### #....)...
######o#
######....@#.#
##...##.####.##
#...........##
#...)........#
#.....#.#####.#
##......# ####
##.###.##
....##.###...######
. ....†# #........#


You could see an orc (slow).

Vanquished Creatures
  An adder (D:2)
  3 orcs
  6 ball pythons
  An endoplasm (D:1)
  2 giant cockroaches
  3 goblins
  A hobgoblin (D:2)
  4 jackals (D:2)
  A bat (D:1)
  3 frilled lizards
  4 kobolds
  5 rats
34 creatures vanquished.

Notes
Turn   | Place    | Note
-------+----------+-------------------------------------------
     0 | D:1      | Bnni the Formicid Hexslinger began the quest for the Orb.
     0 | D:1      | Reached XP level 1. HP: 15/15 MP: 2/2
   242 | D:1      | Reached XP level 2. HP: 21/21 MP: 3/3
   936 | D:2      | Reached skill level 4 in Hexes
   936 | D:2      | Reached XP level 3. HP: 25/26 MP: 5/5
   946 | D:2      | Learned a level 3 spell: Inner Flame
  1356 | D:3      | HP: 1/26 [adder (2)]
  1368 | D:3      | HP: 1/24 [adder (3)]
  1378 | D:2      | HP: 1/24 [adder (2)]
  1661 | D:3      | HP: 1/25 [orc/+0 short sword (3)]
  1664 | D:3      | Slain by an orc

Illustrated notes

Levels and vault maps discovered:
D:1:      dpeg_arrival_court, layout_loops_ring, serial_forest,
          infiniplex_forest_lined_corner, infiniplex_forest_straight_4,
          infiniplex_forest_straight_3, infiniplex_forest_corner_1,
          infiniplex_forest_corner_2, infiniplex_forest_lined_1
D:2:      layout_rooms, serial_glass, glass_columns_a, glass_columns_a,
          grunt_decor_mini_mirrors
D:3:      layout_loops_ring

Skill      XL: |  1  2 |
---------------+-------+-----
Hexes          | 4 |  4.2
Fighting       | |  1.6
Ranged Weapons | |  2.7
Dodging        | |  1.7
Spellcasting   | |  1.6
Fire Magic     | |  0.9

Action                   || total
-------------------------++-------
 Fire: Sling             ||   117
 Cast: Slow              ||     5
 Abil: Dig               ||     1
  Use: Scroll            ||     3
       Potion            ||     3
Armor: Robe              ||    14
Dodge: Dodged            ||    60

Table legend: (Time is in decaauts)
 A = Elapsed time spent in this place.
 B = Non-inter-level travel time spent in this place.
 C = Inter-level travel time spent in this place.
 D = Time resting spent in this place.
 E = Time spent auto-exploring this place.
 F = Levels seen in this place.
 G = Mean time per level.
                   A        B        C        D        E       F      G
               +--------+--------+--------+--------+--------+-----+--------+
         Total |   1697 |   1614 |     83 |    199 |   1118 |   3 |  565.7 |
       Dungeon |   1697 |   1614 |     83 |    199 |   1118 |   3 |  565.7 |
               +--------+--------+--------+--------+--------+-----+--------+

Top non-repeatable levels by time:
     D:1: 789 daAuts
     D:2: 775 daAuts
     D:3: 133 daAuts
